 Dungeon Crawl Stone Soup version 0.24.0-13-gcf9b319 (webtiles) character file.

Game seed: 8200360279856501075, levelgen mode: deterministic

20958 Bronimir the Blocker (level 12, 0/91 HPs)
             Began as a Demonspawn Abyssal Knight on Mar 4, 2020.
             Was a High Priest of Lugonu.
             Hit by a javelin thrown by a minotaur (18 damage)
             ... in a Gauntlet.
             The game lasted 01:15:06 (20880 turns).

Bronimir the Blocker (Demonspawn Abyssal Knight)   Turns: 20880, Time: 01:15:07

Health: 0/91       AC: 19    Str: 20      XL:     12   Next: 50%
Magic:  0/17       EV: 10    Int: 14      God:    Lugonu [*****.]
Gold:   508        SH: 18    Dex: 13 (14) Spells: 12/17 levels left

rFire    . . .     SeeInvis .   a - +6 trident (vamp)
rCold    + . .     Gourm    .   G - +0 shield
rNeg     + + .     Faith    .   i - +2 scale mail {rC+}
rPois    .         Spirit   +   C - +1 helmet
rElec    .         Reflect  +   r - +1 cloak
rCorr    .         Harm     .   (no gloves)
MR       .....     NoTele   +   Q - +0 pair of boots of the Tarantula {*Corrode rN+ Str+4} (curse)
Stlth    ..........             U - +3 amulet of reflection
HPRegen  0.25/turn              w - ring of positive energy
MPRegen  0.15/turn              B - +3 ring of protection

@: very slightly contaminated
A: claws 1, large bone plates 1, demonic guardian 2, magic shield
a: Depart the Abyss, Bend Space, Banish, Corrupt, Enter the Abyss, Renounce
Religion


You were in a Gauntlet.
You worshipped Lugonu.
Lugonu was extremely pleased with you.
You were not hungry.

You visited 2 branches of the dungeon, and saw 15 of its levels.
You visited the Abyss 1 time.
You also visited: Gauntlet.

You collected 876 gold pieces.
You spent 368 gold pieces at shops.

Inventory:

Hand Weapons
 a - a +6 vampiric trident (weapon)
 b - a +0 hunting sling
 l - a +0 eveningstar
 F - a +0 hand axe of flaming
Missiles
 g - 336 stones
 h - 331 arrows
 j - 175 bolts
 k - 52 poisoned darts (quivered)
 N - 78 sling bullets
Armour
 d - a +0 pair of boots
 i - a +2 scale mail of cold resistance (worn)
 r - a +1 cloak (worn)
 C - a +1 helmet (worn)
 G - a +0 shield (worn)
 Q - the cursed +0 pair of boots of the Tarantula (worn) {*Corrode rN+ Str+4}
   (You found it in a Gauntlet)

   It affects your strength (+4).
   It protects you from negative energy.
   It may corrode you when you take damage.
   It has a curse placed upon it.
Magical Staves
 p - an uncursed staff of summoning
 O - an uncursed staff of summoning
Jewellery
 w - a ring of positive energy (left claw)
 y - a +2 ring of intelligence
 B - a +3 ring of protection (right claw)
 J - an uncursed amulet of the gourmand
 M - a +5 ring of dexterity
 U - a +3 amulet of reflection (around neck)
 V - the ring of Jawaesch {+Blink rPois rC+ Str-4 Dex+5, unknown}
   (You found it in a Gauntlet)

   [ring of protection from cold]

   It affects your strength (-4).
   It affects your dexterity (+5).
   It protects you from cold.
   It protects you from poison.
   It lets you blink.
Wands
 e - a wand of iceblast (27)
 f - a wand of enslavement (6)
 o - a wand of random effects (14)
 I - a wand of scattershot (5)
Scrolls
 n - 3 scrolls of fog
 q - 2 scrolls of summoning {unknown}
 t - 2 scrolls of remove curse
 v - a scroll of identify
 A - a scroll of amnesia
 D - a scroll of vulnerability
 E - 2 scrolls of immolation
 H - 3 scrolls of teleportation
 L - a scroll of acquirement {unknown}
 P - a scroll of fear
Potions
 m - 3 potions of flight
 s - a potion of resistance
 u - a potion of ambrosia
 x - a potion of agility
 K - 3 potions of might
 R - 3 potions of curing
 S - 3 potions of lignification
 T - 3 potions of haste
Miscellaneous
 z - a lamp of fire
Comestibles
 c - 21 rations


   Skills:
 * Level 7.3 Fighting
 + Level 6.0(7.9) Axes
 * Level 8.0(9.0) Polearms
 + Level 3.1(3.2) Slings
 + Level 1.2(2.3) Throwing
 * Level 8.1 Armour
 + Level 3.7 Dodging
 * Level 8.5 Shields
 + Level 3.0 Spellcasting
 + Level 3.0 Hexes
 * Level 2.8 Summonings
 + Level 7.9 Invocations
 * Level 5.1 Evocations


You had 12 spell levels left.
You knew the following spells:

 Your Spells              Type           Power        Failure   Level  Hunger
a - Confuse               Hex            ##......     71%         3    ###....
b - Call Imp              Summ           #.......     52%         2    ##.....

Your spell library contained the following spells:

 Spells                   Type           Power        Failure   Level  Hunger
 Confusing Touch          Hex            ##....       34%         1    #......
 Corona                   Hex            ##.....      34%         1    #......
 Summon Small Mammal      Summ           #...         36%         1    #......
 Ensorcelled Hibernation  Hex/Ice        #.....       69%         2    ##.....
 Tukima's Dance           Hex            ##......     71%         3    ###....
 Call Canine Familiar     Summ           #.......     75%         3    ###....
 Summon Guardian Golem    Hex/Summ       ##......     75%         3    ###....
 Animate Skeleton         Necr           N/A          77%         1    #......
 Apportation              Tloc           #.....       77%         1    #......
 Beastly Appendage        Tmut           #.....       77%         1    #......
 Magic Dart               Conj           #...         77%         1    #......
 Searing Ray              Conj           #.....       88%         2    ##.....
 Sticks to Snakes         Tmut           #.......     88%         2    ##.....
 Dazzling Spray           Conj/Hex       #.....       89%         3    ###....
 Gell's Gravitas          Tloc           #.........   98%         3    ###....
 Spider Form              Tmut/Pois      #.........   98%         3    ###....
 Force Lance              Conj/Tloc      #.......     100%        4    #####..
 Fulminant Prism          Conj/Hex       #.........   100%        4    #####..
 Ice Form                 Ice/Tmut       #.......     100%        4    #####..
 Iskenderun's Mystic Bla  Conj           #.......     100%        4    #####..
 Petrify                  Tmut/Erth      #.......     100%        4    #####..
 Summon Ice Beast         Ice/Summ       #.......     100%        4    #####..
 Summon Lightning Spire   Summ/Air       #.......     100%        4    #####..
 Blade Hands              Tmut           #.........   100%        5    ######.
 Metabolic Englaciation   Hex/Ice        #.........   100%        5    ######.
 Summon Mana Viper        Hex/Summ       ##......     100%        5    ######.
 Yara's Violent Unravell  Hex/Tmut       #.........   100%        5    ######.
 Malign Gateway           Summ/Tloc      #.........   100%        7    #######


Dungeon Overview and Level Annotations

Branches:
Dungeon (10/15)            Temple (0/1) D:4            Lair (5/6) D:10
  Swamp (0/4) Lair:3       Spider (0/4) Lair:4          Orc (0/2) D:10
Gauntlet (1/1)
  Slime: Lair:5-6

Altars:
Dithmenos
Elyvilon
Fedhas
Hepliaklqana
Kikubaaqudgha
Uskayaw
Yredelemnul
Beogh

Shops:
D:9 !

Annotations:
D:4 4 runed translucent doors
D:8 wahemi82's ghost, novice MiFi
D:10 corrupted
Abyss:1 Gastronok Gauntlet 12 transporters, 21 runed translucent doors


Innate Abilities, Weirdness & Mutations

You have sharp fingernails.
You are partially covered in large bone plates. (SH +4)
A demonic guardian rushes to your aid.
When hurt, damage is shared between your health and your magic reserves.


Message History

Press: ? - help, Dir - move target cursor
As you read the scroll of blinking, it crumbles to dust.
You are no longer corroded.
You feel better.
Blink to where?
Press: ? - help, Dir - move target cursor
As you read the scroll of blinking, it crumbles to dust.
Press: ? - help, v - describe, . - travel, g - get item A smoking silver ring.
There is something else lying underneath.
The floor, spattered with blood.
Unknown command.
l - an eveningstar
Things that are here:
a smoking silver ring; an octopode corpse
V - a smoking silver ring You swap places.
The minotaur throws a javelin.
The javelin barely misses your ice devil.
The javelin pierces through you!!
You die...

##### #8∩8#
#}@[# #848#
####†.[####
###8.#8.8#.8###
#....#...#.(..#
#.#..#8.8#..#.#
#.#..##'##.(#.#
#......(H(§...#
#.#.##.#.##H#.#


You could see a minotaur and a friendly ice devil.

Vanquished Creatures
  2 hydras (Lair:2)
  Harold (D:6)
  An obsidian statue (Gauntlet)
  Pikel (D:8)
  A deep elf mage (D:10)
  A black mamba (Lair:2)
  4 elephants (Lair:3)
  3 spiny frogs
  4 komodo dragons
  A tyrant leech (Lair:5)
  3 hippogriffs
  A spriggan (D:9)
  5 wyverns
  5 yaks (Lair:3)
  A basilisk (Lair:4)
  A steam dragon (D:9)
  9 water moccasins
  5 porcupines
  4 ice beasts
  3 orc warriors (D:10)
  4 sky beasts
  4 ogres
  A black bear (D:8)
  A phantom (D:6)
  2 necrophages (D:10)
  12 wolves
  6 centaurs
  9 crocodiles
  A big kobold (D:10)
  7 bullfrogs
  A water moccasin skeleton (D:9)
  2 scorpions
  18 killer bees
  4 wights
  4 electric eels (Lair:3)
  A howler monkey (D:4)
  2 centaur zombies
  3 crimson imps
  2 bullfrog zombies
  2 jellies
  9 hounds
  10 orc priests
  2 orc wizards
  A centaur skeleton (D:6)
  A bullfrog skeleton (D:6)
  5 iguanas
  6 worker ants
  2 hound skeletons
  2 worker ant zombies
  3 gnolls (D:5)
  10 adders
  A shadow imp (D:4)
  2 ufetubi (Gauntlet)
  4 worms
  2 dart slugs
  7 leopard geckos
  39 orcs
  5 giant cockroaches
  7 goblins
  7 hobgoblins
  7 jackals (D:7)
  3 quokkas
  2 ball pythons
  5 bats
  10 frilled lizards
  A jackal skeleton (D:5)
  A jackal zombie (D:9)
  8 kobolds
  A leopard gecko skeleton (D:8)
  A quokka skeleton (D:4)
  5 rats
311 creatures vanquished.

Vanquished Creatures (collateral kills)
  2 elephants (Lair:3)
  A black mamba (Lair:5)
  2 spiny frogs
  2 tyrant leeches (Lair:5)
  A hippogriff (D:10)
  4 yaks (Lair:3)
  2 porcupines
  2 water moccasins
  An orc warrior (D:7)
  A necrophage (D:8)
  A wolf (Lair:2)
  A crocodile (Lair:2)
  4 killer bees
  A hound (D:8)
  An ufetubus (Gauntlet)
  A leopard gecko zombie (D:8)
27 creatures vanquished.

Vanquished Creatures (others)
  A hydra (Lair:2)
  A sixfirhy (Gauntlet)
  An unseen horror (D:9)
  A komodo dragon (Lair:5)
  A meliai (Lair:5)
  A troll (D:10)
  4 orc warriors (D:10)
  3 slaves (D:8)
  A centaur (D:10)
  2 big kobolds (D:10)
  6 gnoll sergeants (D:10)
  An iguana (D:8)
  A howler monkey skeleton (D:8)
  3 orcs (D:10)
  16 fungi
  8 plants
  3 starspawn tentacles (D:10)
  5 withered plants (Gauntlet)
59 creatures vanquished.

Grand Total: 397 creatures vanquished

Notes
Turn   | Place    | Note
-------+----------+-------------------------------------------
     0 | Abyss:1  | Bronimir the Demonspawn Abyssal Knight began the quest for
                  | the Orb.
     0 | Abyss:1  | Reached XP level 1. HP: 18/18 MP: 2/2
    55 | Abyss:1  | Found a corrupted altar of Lugonu.
    66 | D:1      | Escaped the Abyss
   272 | D:1      | Gained mutation: You have sharp fingernails. [demonic
                  | ancestry]
   272 | D:1      | Reached XP level 2. HP: 24/24 MP: 3/3
   905 | D:2      | Reached skill level 1 in Dodging
   905 | D:2      | Gained mutation: When hurt, damage is shared between your
                  | health and your magic reserves. [demonic ancestry]
   905 | D:2      | Reached XP level 3. HP: 19/29 MP: 4/4
  1164 | D:2      | Reached ** piety under Lugonu
  1397 | D:2      | Found a blossoming altar of Fedhas.
  1585 | D:2      | Reached XP level 4. HP: 2/36 MP: 1/5
  2406 | D:3      | Found a hazy altar of Hepliaklqana.
  2406 | D:3      | Found an ancient bone altar of Kikubaaqudgha.
  2407 | D:3      | Found a shadowy altar of Dithmenos.
  2819 | D:3      | Found a white marble altar of Elyvilon.
  2942 | D:3      | Found a basalt altar of Yredelemnul.
  3042 | D:3      | Reached XP level 5. HP: 30/41 MP: 2/7
  3243 | D:3      | Reached skill level 1 in Slings
  4203 | D:4      | Reached skill level 1 in Shields
  4213 | D:4      | Found a staircase to the Ecumenical Temple.
  4255 | D:4      | Reached XP level 6. HP: 38/48 MP: 6/8
  4361 | D:4      | Found a large runed translucent door.
  4476 | D:4      | Found a large runed translucent door.
  4478 | D:4      | Found a large runed translucent door.
  4478 | D:4      | Found a large runed translucent door.
  4569 | D:4      | Reached *** piety under Lugonu
  5072 | D:5      | Entered Level 5 of the Dungeon
  5097 | D:5      | Gained mutation: You are partially covered in large bone
                  | plates. (SH +4) [demonic ancestry]
  5097 | D:5      | Reached XP level 7. HP: 32/53 MP: 5/9
  5584 | D:5      | Found a hide-covered altar of Uskayaw.
  5716 | D:5      | Reached skill level 1 in Evocations
  6257 | D:6      | Learned a level 3 spell: Confuse
  6274 | D:6      | Reached skill level 5 in Polearms
  6346 | D:7      | Reached XP level 8. HP: 5/60 MP: 2/11
  7054 | D:7      | Reached skill level 1 in Spellcasting
  7803 | D:6      | Reached **** piety under Lugonu
  8151 | D:6      | Reached skill level 5 in Invocations
  8378 | D:7      | Noticed Harold
  8775 | D:6      | Killed Harold
  8775 | D:6      | Reached skill level 1 in Axes
  8775 | D:6      | Reached skill level 5 in Armour
  8775 | D:6      | Gained mutation: A weak demonic guardian rushes to your
                  | aid. [demonic ancestry]
  8775 | D:6      | Reached XP level 9. HP: 5/66 MP: 2/13
  8775 | D:6      | HP: 4/99 [poisoned by a killer bee]
  8777 | D:6      | HP: 1/66 [poisoned by a killer bee]
 10074 | D:8      | Reached skill level 5 in Shields
 10115 | D:8      | HP: 2/66 [poisoned by a water moccasin]
 10436 | D:7      | Reached skill level 1 in Throwing
 10668 | D:8      | Noticed Pikel
 10689 | D:8      | Killed Pikel
 10689 | D:8      | Reached XP level 10. HP: 40/73 MP: 9/15
 11255 | D:8      | Found a runed translucent gate.
 11255 | D:8      | Found a runed translucent gate.
 11255 | D:8      | Found a runed translucent gate.
 11259 | D:8      | Noticed wahemi82's ghost (novice MiFi)
 11261 | D:8      | Found a roughly hewn altar of Beogh.
 12143 | D:9      | Reached skill level 5 in Axes
 12403 | D:9      | Reached skill level 1 in Hexes
 12404 | D:9      | Found Soecoc's Distillery.
 12563 | D:9      | Bought a potion of lignification for 48 gold pieces
 12563 | D:9      | Bought a potion of curing for 48 gold pieces
 12563 | D:9      | Bought a potion of might for 64 gold pieces
 12563 | D:9      | Bought a potion of curing for 48 gold pieces
 12563 | D:9      | Bought a potion of haste for 160 gold pieces
 12583 | D:9      | Reached ***** piety under Lugonu
 12602 | D:9      | Reached skill level 5 in Fighting
 13108 | D:10     | Entered Level 10 of the Dungeon
 13146 | D:9      | Banished an unseen horror
 13392 | D:10     | Found a staircase to the Lair.
 13676 | D:10     | Noticed a deep elf mage
 13693 | D:10     | Killed a deep elf mage
 13959 | D:10     | Reached XP level 11. HP: 64/80 MP: 16/16
 14366 | D:10     | Found a staircase to the Orcish Mines.
 14387 | D:10     | Corrupted D:10
 14387 | D:10     | Noticed a starcursed mass
 14387 | D:10     | Noticed a tentacled starspawn
 14387 | D:10     | Noticed a sixfirhy
 14387 | D:10     | Noticed a large abomination
 14387 | D:10     | Noticed a thrashing horror
 14388 | D:10     | Noticed a thrashing horror
 14791 | Lair:1   | Entered Level 1 of the Lair of Beasts
 14858 | Lair:1   | Got a tattered robe
 14859 | Lair:1   | Identified the +1 robe of Wu Jian's Hope {+Fly rPois rN+
                  | Dex+4} (You found it on level 1 of the Lair of Beasts)
 15867 | Lair:2   | Noticed a four-headed hydra
 15877 | Lair:2   | Killed a one-headed hydra
 16557 | Lair:2   | Noticed a seven-headed hydra
 17044 | Lair:2   | Banished a five-headed hydra
 17780 | Lair:3   | Learned a level 2 spell: Call Imp
 17832 | Lair:3   | Noticed Gastronok
 17834 | Lair:3   | Noticed a four-headed hydra
 17836 | Lair:3   | Banished Gastronok
 17857 | Lair:2   | Killed a one-headed hydra
 17857 | Lair:2   | Gained mutation: A demonic guardian rushes to your aid.
                  | [demonic ancestry]
 17857 | Lair:2   | Reached XP level 12. HP: 62/91 MP: 4/17
 18193 | Lair:3   | Reached skill level 1 in Summonings
 18439 | Lair:3   | Found a staircase to the Swamp.
 19412 | Lair:4   | Found a hole to the Spider Nest.
 19662 | Lair:5   | Reached skill level 5 in Evocations
 19703 | Lair:5   | HP: 2/91 [black mamba (11)]
 19713 | Lair:5   | HP: 6/136 [poisoned by a black mamba]
 19719 | Lair:5   | HP: 4/136 [poisoned by a black mamba]
 19726 | Lair:5   | HP: 3/136 [poisoned by a black mamba]
 19733 | Lair:5   | HP: 3/136 [poisoned by a black mamba]
 19741 | Lair:5   | HP: 2/91 [poisoned by a black mamba]
 19809 | Lair:5   | Found a gate leading to a gauntlet.
 19811 | Lair:5   | Identified Goimnodgh's Almanac of Supportive Conjuration
 20097 | Gauntlet | Entered a Gauntlet
 20097 | Gauntlet | Found a transporter.
 20098 | Gauntlet | Found a large runed translucent door.
 20099 | Gauntlet | Found a large runed translucent door.
 20100 | Gauntlet | Found a large runed translucent door.
 20100 | Gauntlet | Found a large runed translucent door.
 20100 | Gauntlet | Found a runed translucent door.
 20101 | Gauntlet | Found a large runed translucent door.
 20102 | Gauntlet | Found a large runed translucent door.
 20103 | Gauntlet | Found a large runed translucent door.
 20103 | Gauntlet | Found a large runed translucent door.
 20104 | Gauntlet | Found a runed translucent gate.
 20104 | Gauntlet | Found a runed translucent gate.
 20106 | Gauntlet | Found a transporter.
 20114 | Gauntlet | Found a runed translucent gate.
 20114 | Gauntlet | Found a runed translucent door.
 20115 | Gauntlet | Found a large runed translucent door.
 20115 | Gauntlet | Found a large runed translucent door.
 20116 | Gauntlet | Found a large runed translucent door.
 20117 | Gauntlet | Found a large runed translucent door.
 20121 | Gauntlet | Found a transporter.
 20126 | Gauntlet | Found a transporter.
 20143 | Gauntlet | Found a transporter.
 20161 | Gauntlet | Found a transporter.
 20173 | Gauntlet | Found a transporter.
 20191 | Gauntlet | Found a transporter.
 20197 | Gauntlet | Found a transporter.
 20206 | Gauntlet | Found a transporter.
 20218 | Gauntlet | Found a transporter.
 20224 | Gauntlet | Found a transporter.
 20224 | Gauntlet | Found a transporter.
 20226 | Gauntlet | Noticed a fire dragon
 20229 | Gauntlet | a fire dragon changed into a slime creature
 20232 | Gauntlet | Noticed an anaconda
 20232 | Gauntlet | a slime creature changed into an anaconda
 20234 | Gauntlet | an anaconda changed into a glowing orange brain
 20263 | Gauntlet | Found a transporter.
 20290 | Gauntlet | Found a transporter.
 20306 | Gauntlet | Found a large runed translucent door.
 20306 | Gauntlet | Found a large runed translucent door.
 20307 | Gauntlet | Found a large runed translucent door.
 20308 | Gauntlet | Found a large runed translucent door.
 20310 | Gauntlet | Found a transporter.
 20422 | Gauntlet | Found a transporter.
 20530 | Gauntlet | Found a transporter.
 20802 | Gauntlet | Got a pair of distressingly furry boots
 20825 | Gauntlet | Identified the cursed +0 pair of boots of the Tarantula
                  | {*Corrode rN+ Str+4} (You found it in a Gauntlet)
 20849 | Gauntlet | Noticed a minotaur
 20878 | Gauntlet | Got a smoking silver ring
 20880 | Gauntlet | Hit by a javelin thrown by a minotaur

Levels and vault maps discovered:
D:1:      mrwooster_arrival_statue, layout_loops_cross
D:2:      layout_loops_ring, fedhas_altar_2, kennysheep_path_1,
          grunt_decor_one_mirror
D:3:      layout_loops_cross, yredelemnul_altar_generic,
          gammafunk_temple_overflow_claw, elyvilon_altar_3, first_ration
D:4:      layout_loops_ring, minmay_temple_entry_purple_smoke,
          minmay_hollow_rounded_squares
D:5:      layout_basic, eat_drink_and_be_merry_uskayaw
D:6:      layout_cave_pools
D:7:      layout_basic, chequers_serial_rivers_room_b, uniq_harold
D:8:      layout_rooms, biasface_ghost_orc_armoury, uniq_pikel
D:9:      layout_long_grid, serial_shops, shop_statue, the_bakery
D:10:     layout_rooms, lair_entry_dummy,
          kennysheep_orc_monster_closet_entryway, minivault_26
Lair:1:   layout_cave_pods, hangedman_lair_unloving_vines, serial_bayou_shore_b,
          serial_bayou_shore_b
Lair:2:   layout_loops_ring, minmay_hedge_maze
Lair:3:   layout_chaotic_city, minmay_swamp_entry_eels, minivault_24,
          nicolae_quartered_pool_medium, uniq_gastronok
Lair:4:   layout_concentric_octagons, spider_nest_entry_web_field,
          ldierk_geyser, st_stairs_4, beast_lair_carwin_5
Lair:5:   layout_roguey [special_room_bee], nicolae_slime_entry_slimehenge,
          gauntlet_entry_generic, worms_lemuel
Gauntlet: gammafunk_gauntlet_one_two_three [gammafunk_gauntlet_arena_split_x,
          minmay_gauntlet_arena_make_your_own_arena,
          gammafunk_gauntlet_arena_arrow_garden, gammafunk_gauntlet_arena_teeth,
          nicolae_gauntlet_arena_blocks, gammafunk_gauntlet_arena_split_diamond,
          gammafunk_gauntlet_arena_spirals, gammafunk_gauntlet_arena_grid,
          nicolae_gauntlet_arena_grate_2,
          nicolae_gauntlet_exit_dead_adventurers]

Skill      XL: |  1  2  3  4  5  6  7  8  9 10 11 12 |
---------------+-------------------------------------+-----
Polearms       | 2 3 4 5 7 8 |  8.0
Dodging        | 1 2 3 |  3.7
Armour         | 2 3 5 6 7 8 |  8.1
Slings         | 1 2 3 |  3.1
Invocations    | 3 4 5 6 7 |  7.9
Shields        | 1 2 4 5 6 8 |  8.5
Evocations     | 1 3 4 5 |  5.1
Fighting       | 4 5 7 |  7.3
Spellcasting   | 2 3 |  3.0
Axes           | 1 4 5 6 |  6.0
Throwing       | 1 |  1.2
Hexes          | 2 3 |  3.0
Summonings     | 2 |  2.8

Action                   |  1- 3 |  4- 6 |  7- 9 | 10-12 || total
-------------------------+-------+-------+-------+-------++-------
Melee: Spear             |   125 |   245 |   404 |       ||   774
       War axe           |       |       |   223 |   380 ||   603
       Trident           |       |       |       |   439 ||   439
       Hand axe          |       |       |       |    19 ||    19
 Fire: Hunting sling     |       |    65 |    18 |    49 ||   132
Throw: Dart              |     3 |       |    58 |    15 ||    76
Invok: Bend Space        |       |     1 |     7 |     7 ||    15
       Banish            |       |       |       |    10 ||    10
       Corrupt           |       |       |       |     1 ||     1
  Use: Scroll            |     3 |     4 |     9 |    12 ||    28
       Potion            |       |       |    13 |     6 ||    19
 Stab: Sleeping          |     3 |       |       |       ||     3
       Distracted        |       |       |       |     9 ||     9
  Eat: Chunk             |     2 |    11 |    12 |    28 ||    53
       Ration            |       |       |     2 |     3 ||     5
Armor: Robe              |    18 |     4 |       |       ||    22
       Ring mail         |       |    43 |    28 |       ||    71
       Plate armour      |       |     2 |       |       ||     2
       Scale mail        |       |       |   187 |   289 ||   476
       Skin              |       |       |       |     2 ||     2
Dodge: Dodged            |    42 |    88 |   191 |   251 ||   572
Block: Buckler           |     4 |    23 |    15 |       ||    42
       Shield            |       |       |   423 |   797 ||  1220
       Reflection        |       |       |       |    10 ||    10
